 Dungeon Crawl Stone Soup version 0.24.0-123-gd5b16e6ec5 (webtiles) character file.

Game seed: 160124020821752510, levelgen mode: deterministic

187 FishyPogo the Ruffian (level 5, -6/45 HPs)
             Began as a Naga Transmuter on Dec 19, 2019.
             Was an Initiate of Qazlal.
             Mangled by an orc
             ... wielding a +0 trident
              (7 damage)
             ... on level 3 of the Dungeon.
             The game lasted 00:09:30 (2276 turns).

FishyPogo the Ruffian (Naga Transmuter)             Turns: 2276, Time: 00:09:30

Health: -6/45      AC:  2    Str: 18    XL:     5   Next: 66%
Magic:  4/8        EV: 10    Int: 19    God:    Qazlal [......]
Gold:   75         SH:  4    Dex: 11    Spells: 4/8 levels left

rFire    . . .     SeeInvis +     - Unarmed
rCold    . . .     Gourm    .   e - +0 buckler
rNeg     . . .     Faith    .   b - +0 robe
rPois    +         Spirit   .   (no helmet)
rElec    .         Reflect  .   (no cloak)
rCorr    .         Harm     .   (no gloves)
MR       .....                  (no barding)
Stlth    +.........             (no amulet)
HPRegen  0.15/turn              o - +5 ring of strength
MPRegen  0.11/turn              (no ring)

@: brilliant, very slightly contaminated, very slow
A: large, see invisible, deformed body, poison resistance, slowness 2, slow
metabolism 1, spit poison 1, AC +1
a: Spit Poison, Renounce Religion


You were on level 3 of the Dungeon.
You worshipped Qazlal.
Qazlal was noncommittal.
You were hungry.

You visited 1 branch of the dungeon, and saw 3 of its levels.

You collected 75 gold pieces.

Inventory:

Hand Weapons
 f - a +2 mace of holy wrath
Missiles
 a - 54 arrows
 g - 56 stones (quivered)
 h - 13 poisoned darts
 q - 8 boomerangs
Armour
 b - a +0 robe (worn)
 e - a +0 buckler (worn)
Jewellery
 o - a +5 ring of strength (left hand)
Scrolls
 i - 2 scrolls of remove curse
 k - 2 scrolls of identify {unknown}
 l - 4 scrolls of random uselessness {unknown}
 m - 2 scrolls of blinking {unknown}
 r - a scroll of noise {unknown}
Potions
 j - a potion of flight
Comestibles
 d - 6 rations


   Skills:
 + Level 2.1 Fighting
 - Level 2.0 Dodging
 * Level 2.2 Shields
 + Level 3.6 Unarmed Combat
 - Level 2.0 Spellcasting
 - Level 3.0 Transmutations
 + Level 2.0 Poison Magic


You had 4 spell levels left.
You knew the following spells:

 Your Spells              Type           Power        Failure   Level  Hunger
u - Spider Form           Tmut/Pois      ###.......   2%          3    ###....
y - Beastly Appendage     Tmut           ###...       1%          1    #......

Your spell library contained the following spells:

 Spells                   Type           Power        Failure   Level  Hunger
 Sticks to Snakes         Tmut           ###.....     1%          2    ###....
 Ice Form                 Ice/Tmut       ###.....     11%         4    #####..
 Blade Hands              Tmut           ###.......   14%         5    ######.


Dungeon Overview and Level Annotations

Branches:
Dungeon (3/15)

Altars:
Qazlal
The Shining One

Annotations:
D:3 Grinder


Innate Abilities, Weirdness & Mutations

You cannot wear boots.
Your serpentine skin is tough. (AC +1)
You have supernaturally acute eyesight. (SInv)
Armour fits poorly on your strangely shaped body.
Your system is resistant to poisons. (rPois)
You cover ground very slowly.
You have a slow metabolism.
You can spit poison.


Message History

* * * LOW HITPOINT WARNING * * *
The gnoll hits you from afar with a +0 spear.
* * * LOW HITPOINT WARNING * * *
The bullfrog barely misses you.
You are feeling hungry.
The bullfrog barely misses you. The bullfrog completely misses you.
You're too confused!
You feel less confused. The bullfrog barely misses you. The gnoll misses you.
The orc misses you. The orc completely misses you.
The bullfrog closely misses you.
Your transformation has ended.
Your +0 buckler unmelds from your body.
Your +0 robe unmelds from your body.
The bullfrog hits you!
* * * LOW HITPOINT WARNING * * *
The orc hits you but does no damage.
It was a potion of brilliance.
You feel clever all of a sudden. The bullfrog completely misses you.
The orc hits you but does no damage.
The orc hits you from afar with a +0 trident!
You die...

#...#...).#.......
###..#.#####....###.
#.............#..##
#.#.#.............#
#.............#.#.#.
#.#.#.^.............
#...........>.#.#...
#..##.##...og........
#.# #. ##.@Fog.......
#. #. #####g.###.. ..
#.o.# . ##.o# ....
..#.# ....... ..#.#.#
.......


You could see a bullfrog, 3 gnolls and 2 orcs.

Vanquished Creatures
  Jessica (D:3)
  2 orc wizards
  Natasha (D:3)
  2 adders
  2 worms (D:2)
  2 dart slugs (D:1)
  2 leopard geckos
  4 orcs
  4 giant cockroaches
  7 goblins (D:1)
  6 hobgoblins
  A ball python (D:3)
  7 bats
  3 frilled lizards (D:2)
  8 kobolds
  6 rats
58 creatures vanquished.

Notes
Turn   | Place    | Note
-------+----------+-------------------------------------------
     0 | D:1      | FishyPogo the Naga Transmuter began the quest for the Orb.
     0 | D:1      | Reached XP level 1. HP: 18/18 MP: 3/3
   163 | D:1      | Reached XP level 2. HP: 25/25 MP: 5/5
   600 | D:1      | Reached XP level 3. HP: 30/31 MP: 6/6
   605 | D:1      | Learned a level 3 spell: Spider Form
   678 | D:1      | Reached skill level 1 in Shields
  1062 | D:2      | Reached XP level 4. HP: 21/38 MP: 1/7
  1199 | D:2      | Reached skill level 1 in Poison Magic
  1659 | D:2      | Found a glowing golden altar of the Shining One.
  1935 | D:3      | Noticed Grinder
  1953 | D:3      | Found a stormy altar of Qazlal.
  1966 | D:3      | Became a worshipper of Qazlal Stormbringer
  1994 | D:3      | Noticed Jessica
  2001 | D:3      | Noticed Natasha
  2013 | D:3      | Killed Natasha
  2013 | D:3      | Reached XP level 5. HP: 13/45 MP: 8/8
  2028 | D:3      | Killed Jessica
  2275 | D:3      | HP: 1/45 [bullfrog (7)]
  2276 | D:3      | Mangled by an orc

Levels and vault maps discovered:
D:1:      erik_arrival_cave_to_civilisation [erik_arrival_cave_to_hall],
          layout_basic, interstate_on_off
D:2:      layout_basic, lemuel_crystal_altar
D:3:      layout_loops_ring, lemuel_crystal_altar, okawaru_altar_gauntlet_db,
          led_sif_book, serial_co_window_serial, co_window_corner_a,
          co_window_corner_a, co_window_paths_b, co_window_corner_a,
          co_window_of_opportunity_a, co_window_paths_b, co_window_cross_3,
          co_window_unsneaky_path_c, co_window_broadway_b, co_window_corner_ca,
          co_window_broadway_b, co_window_of_opportunity_b, co_window_paths_e,
          glass_columns_a, glass_columns_b, glass_columns_b, glass_columns_a,
          minivault_14, uniq_natasha, uniq_grinder, uniq_jessica

Skill      XL: |  1  2  3  4  5 |
---------------+----------------+-----
Shields        | 1 2 |  2.2
Poison Magic   | 1 2 |  2.0
Transmutations | 3 |  3.0
Dodging        | 2 |  2.0
Fighting       | 2 |  2.1
Unarmed Combat | |  3.6
Spellcasting   | |  2.0

Action                   |  1- 3 |  4- 6 || total
-------------------------+-------+-------++-------
Melee: Unarmed           |    81 |    75 ||   156
       Headbutt          |     4 |     4 ||     8
       Mace              |       |    12 ||    12
Throw: Stone             |     1 |       ||     1
 Cast: Beastly Appendage |     9 |     8 ||    17
       Spider Form       |     1 |     6 ||     7
 Abil: Spit Poison       |    16 |     5 ||    21
  Use: Scroll            |     1 |       ||     1
       Potion            |       |     4 ||     4
  Eat: Chunk             |     1 |     5 ||     6
Armor: Robe              |     9 |    20 ||    29
       Skin              |       |     5 ||     5
Dodge: Dodged            |    45 |    58 ||   103
Block: Buckler           |       |    11 ||    11
